Map: Dusk Towers

Players

PotatoMang - Winner!

  • Race: Zerg Zerg
  • League: Master

xKawaiian

  • Race: Terran Terran
  • League: Master

VOD

Have the link to the VOD?

Description

Time

  • Played on: Jan. 16, 2016, 5:02 p.m.
  • Length: 10:52
Show
View Real Time Build Order
Export as new Build Order

PotatoMang Zerg - Winner!

Build Orders: Pool First, Muta Ling Bane 

Get SALT Encoding   

  12  0:00  Drone  
  13  0:13  Overlord  
  13  0:18  Drone  
  14  0:32  Drone x2  
  16  0:36  Drone  
  17  0:45  Spawning Pool  
  17  0:50  Drone  
  17  0:57  Extractor  
  17  0:58  Drone  
  17  1:08  Drone  
  18  1:20  Hatchery  
  17  1:31  Queen  
  20  1:32  Zergling x2  
  20  1:36  Drone  
  21  1:40  Drone  
  22  1:51  Roach Warren  
  22  1:53  Drone  
  22  2:02  Overlord  
  22  2:32  Roach x2  
  22  2:33  Roach  
  22  2:34  Roach  
  30  2:41  Overlord, Queen  
  30  2:43  Drone x2  
  34  2:47  Drone  
  35  2:52  Drone  
  35  2:57  Ravager  
  36  2:59  Overlord  
  36  3:00  Drone  
  36  3:02  Ravager  
  38  3:06  Drone  
  38  3:10  Drone  
  40  3:13  Overlord  
  40  3:15  Drone  
  40  3:18  Drone  
  42  3:23  Roach  
  44  3:33  Drone x2  
  46  3:35  Queen  
  46  3:38  Drone x2  
  50  3:45  Drone x3  
  50  3:48  Ravager  
  54  3:50  Drone x2  
  54  3:52  Extractor  
  54  3:54  Extractor  
  55  4:02  Ravager  
  55  4:03  Drone x2  
  57  4:11  Drone x3  
  57  4:16  Overlord  
  60  4:27  Overlord  
  60  4:33  Hatchery  
  59  4:43  Drone x5  
  64  4:48  Overlord  
  64  4:50  Lair  
  61  5:09  Overlord  
  61  5:10  Overlord  
  61  5:11  Drone x3  
  64  5:16  Extractor  
  64  5:18  Evolution Chamber  
  64  5:19  Evolution Chamber  
  64  5:20  Metabolic Boost  
  61  5:22  Overlord  
  61  5:23  Overlord  
  61  5:26  Roach x5  
  71  5:33  Drone  
  72  5:39  Drone x2  
  72  5:40  Drone x2  
  76  5:50  Zerg Melee Weapons Level 1  
  76  5:51  Zerg Ground Armor Level 1  
  76  5:54  Drone x5  
  76  5:55  Drone  
  82  5:57  Overlord  
  82  6:11  Baneling Nest, Drone  
  82  6:12  Zergling x6  
  82  6:13  Spire, Zergling x4  
  82  6:17  Drone  
  87  6:19  Drone  
  87  6:20  Drone  
  89  6:27  Drone, Spore Crawler  
  89  6:30  Spore Crawler  
  89  6:32  Drone x2  
  90  6:37  Drone x6  
  90  6:39  Extractor  
  95  6:40  Overlord, Extractor  
  95  6:45  Zergling x8  
  98  6:48  Zergling x2  
  99  6:54  Centrifical Hooks  
  99  6:56  Overlord  
  99  7:01  Drone x4, Spore Crawler  
  99  7:05  Drone  
  99  7:06  Spore Crawler  
  100  7:10  Overseer  
  100  7:18  Overlord  
  100  7:24  Mutalisk  
  100  7:25  Mutalisk x7  
  100  7:28  Baneling x3  
  100  7:29  Zergling x4  
  118  7:36  Overlord  
  118  7:37  Zergling x10  
  118  7:38  Zergling x6  
  125  7:46  Baneling x12  
  125  7:48  Zergling x6  
  128  7:56  Zergling x6  
  131  8:01  Zergling x6  
  131  8:05  Zergling x8  
  138  8:11  Zergling x10  
  143  8:19  Zerg Ground Armor Level 2, Zerg Melee Weapons Level 2  
  143  8:20  Hatchery  
  143  8:21  Zergling x4  
  142  8:28  Zergling x8  
  137  8:35  Zergling x6  
  135  8:48  Zergling x12  
  127  8:53  Zergling x4  
  129  8:58  Mutalisk x3  
  135  9:02  Glial Reconstitution  
  135  9:03  Infestation Pit  
  135  9:09  Mutalisk x4  
  140  9:12  Baneling  
  140  9:14  Zergling x2  
  140  9:17  Hatchery  
  142  9:25  Mutalisk x2  
  142  9:30  Overlord  
  146  9:33  Drone x4  
  146  9:34  Drone  
  146  9:35  Overlord  
  146  9:36  Drone  
  152  9:39  Overlord  
  152  9:40  Hive  
  151  9:48  Overlord x2  
  149  9:58  Overlord  
  149  9:59  Overlord  
  149  10:00  Pneumatized Carapace, Queen  
  151  10:12  Extractor  
  150  10:14  Zergling x2  
  150  10:15  Zergling x12  
  150  10:17  Baneling x3  
  150  10:18  Baneling x3  
  150  10:19  Baneling x2  
  150  10:20  Baneling  
  150  10:21  Hatchery  
  156  10:22  Baneling x4  
  156  10:23  Overseer  
  156  10:27  Ravager x2  
  156  10:28  Ravager x3  
  161  10:30  Zergling x4  
Show
View Real Time Build Order
Export as new Build Order

xKawaiian Terran 

Build Orders: Reaper Expand, MMM Bio 

Get SALT Encoding   

  12  0:00  SCV  
  13  0:13  SCV  
  14  0:17  Supply Depot  
  14  0:25  SCV  
  15  0:39  SCV  
  15  0:40  Barracks  
  16  0:46  Refinery  
  16  0:51  SCV  
  17  1:03  SCV  
  18  1:15  SCV  
  19  1:28  Orbital Command  
  19  1:30  Reaper  
  20  1:40  Command Center  
  20  1:54  Supply Depot, SCV  
  21  2:03  Barracks Reactor  
  21  2:07  SCV  
  21  2:08  Barracks  
  22  2:19  SCV  
  22  2:21  Barracks  
  23  2:31  SCV  
  24  2:40  Reaper x2  
  24  2:43  SCV  
  27  2:45  Refinery  
  27  2:54  Orbital Command  
  27  2:55  SCV  
  27  2:57  Barracks Tech Lab  
  28  3:07  SCV  
  28  3:11  Factory  
  29  3:15  Marine x2  
  29  3:19  SCV  
  33  3:21  SCV, Bunker  
  35  3:27  Marauder  
  35  3:31  SCV  
  35  3:33  SCV  
  36  3:35  Marine x2  
  38  3:43  SCV  
  38  3:46  SCV  
  39  3:55  SCV  
  39  3:57  Marine  
  41  4:05  Marine  
  42  4:11  Marine  
  42  4:15  Marine  
  44  4:23  Marine  
  45  4:28  Siege Tank  
  45  4:29  Marine  
  46  4:33  Marine  
  46  4:35  Supply Depot  
  46  4:37  Supply Depot  
  44  4:41  Marine  
  42  4:47  Marine  
  42  4:50  Marine  
  43  4:59  Marine  
  42  5:00  Siege Tank  
  42  5:04  Marine  
  42  5:05  Supply Depot  
  46  5:10  SCV x2, Marine  
  49  5:16  Supply Depot  
  49  5:17  Starport, Marine  
  50  5:22  SCV  
  50  5:23  SCV  
  50  5:24  Barracks Reactor  
  52  5:30  Barracks  
  52  5:31  Refinery  
  52  5:35  SCV  
  53  5:37  SCV  
  53  5:39  Marine x2  
  56  5:47  SCV  
  56  5:49  SCV  
  58  5:55  Barracks  
  58  5:57  Barracks  
  58  5:59  SCV  
  58  6:00  Marine  
  58  6:02  SCV  
  61  6:07  Medivac x2  
  61  6:11  SCV  
  66  6:12  Stimpack  
  66  6:14  SCV  
  66  6:16  Factory Reactor  
  66  6:17  Barracks Reactor  
  67  6:24  Engineering Bay, Marine  
  67  6:25  Supply Depot  
  68  6:26  SCV  
  68  6:28  SCV  
  70  6:38  Supply Depot  
  70  6:45  Barracks Tech Lab x2  
  70  6:46  SCV, Medivac, Marine  
  74  6:48  Barracks Reactor  
  74  6:49  Barracks Reactor  
  74  6:50  SCV  
  75  6:55  Widow Mine  
  75  6:56  Marine  
  75  6:59  SCV, Marine, Widow Mine  
  75  7:00  Supply Depot  
  82  7:04  Missile Turret, Marine  
  82  7:07  Missile Turret  
  83  7:09  Supply Depot  
  83  7:11  Marine  
  83  7:14  Combat Shields, Marine  
  85  7:17  Marine  
  85  7:22  Terran Infantry Weapons Level 1, Marine  
  87  7:24  Medivac  
  87  7:26  Medivac  
  91  7:32  Supply Depot  
  91  7:35  Marine x2  
  91  7:36  Supply Depot  
  93  7:37  Marine  
  93  7:39  Marine  
  95  7:45  Marine x3  
  99  7:52  Marine  
  99  7:53  Marine  
  99  7:55  Marine  
  99  7:57  Widow Mine x2, Marine  
  106  7:59  Medivac  
  106  8:03  Refinery, Marine  
  109  8:09  Marine x2  
  109  8:10  Marine x2  
  109  8:11  Marine  
  114  8:16  Marine x2  
  116  8:20  Marine  
  117  8:28  Marine  
  117  8:31  Medivac  
  118  8:34  Medivac  
  117  8:48  Marine x2  
  81  8:52  Marine x3  
  81  8:53  Marine x3  
  75  8:59  Barracks  
  75  9:00  Barracks  
  75  9:01  Medivac  
  67  9:06  Widow Mine x2, Marine x2  
  71  9:10  Marine x2  
  71  9:16  Marine x2  
  75  9:18  Marine  
  75  9:20  Marine  
  75  9:24  Marine x2  
  78  9:28  Marine x2  
  78  9:30  Medivac x2  
  85  9:34  Marine x2  
  85  9:37  Marauder  
  89  9:39  Marauder  
  89  9:41  Marine x2  
  93  9:45  Marine  
  93  9:48  Barracks Reactor  
  93  9:49  Barracks Tech Lab  
  93  9:52  Marine x2  
  96  10:00  Supply Depot  
  96  10:01  Marauder, Marine x3  
  96  10:06  Marauder  
  103  10:07  Widow Mine  
  108  10:15  Marine  
  108  10:16  Marine  
  108  10:18  Marine  
  108  10:20  Marine  
  112  10:22  Marine  
  112  10:28  Marauder, Marine  
  116  10:31  SCV x2  
Tags
 
Add a new tag
Caveats
  • Supply blocks, unpowered buildings, or Contaminate may cause inaccurate times.
  • Supply counts are checked every 10 seconds.